 Dungeon Crawl Stone Soup version 0.23.1 (webtiles) character file.

Game seed: 16705457739171704039

331 reztzret the Cleaver (level 6, -4/76 HPs)
             Began as a Hill Orc Berserker on Mar 15, 2019.
             Was a Believer of Trog.
             Slain by a scorpion (6 damage)
             ... on level 4 of the Dungeon.
             The game lasted 00:03:41 (1983 turns).

reztzret the Cleaver (Hill Orc Berserker)           Turns: 1983, Time: 00:03:41

Health: -4/76      AC:  6    Str: 27    XL:     6   Next: 52%
Magic:  6/6        EV: 10    Int:  7    God:    Trog [**....]
Gold:   49         SH:  0    Dex: 10    Spells: 5/5 levels left

rFire    . . .     SeeInvis .   a - +0 hand axe
rCold    . . .     Gourm    .   (no shield)
rNeg     . . .     Faith    .   g - +0 scale mail
rPois    .         Spirit   .   (no helmet)
rElec    .         Reflect  .   (no cloak)
rCorr    .         Harm     .   (no gloves)
MR       .....                  (no boots)
Stlth    ..........             (no amulet)
HPRegen  0.22/turn              (no ring)
MPRegen  0.10/turn              (no ring)

@: berserking, very quick
A: no striking features
a: Berserk, Trog's Hand, Renounce Religion


You were on level 4 of the Dungeon.
You worshipped Trog.
Trog was pleased with you.
You were hungry.

You visited 1 branch of the dungeon, and saw 4 of its levels.

You collected 189 gold pieces.
You spent 140 gold pieces at shops.

Inventory:

Hand Weapons
 a - a +0 hand axe (weapon)
Armour
 b - a +0 animal skin
 g - a +0 scale mail (worn)
Jewellery
 d - a cursed -5 ring of slaying {unknown}
 n - an uncursed ring of stealth {unknown}
Scrolls
 h - 3 scrolls of identify {unknown}
 i - 3 scrolls of teleportation {unknown}
 l - a scroll of blinking {unknown}
 m - a scroll of remove curse {unknown}
Potions
 e - 5 potions of heal wounds
 f - a potion of mutation {unknown}
 j - 2 potions of curing {unknown}
 k - 2 potions of degeneration {unknown}
Comestibles
 c - 9 rations


   Skills:
 - Level 3.6 Fighting
 + Level 9.2 Axes
 - Level 2.1 Armour
 - Level 1.5 Dodging
 + Level 0.5 Stealth


You had 5 spell levels left.
You didn't know any spells.
Your spell library was empty.

Dungeon Overview and Level Annotations

Branches:
Dungeon (4/15)
 Temple: D:4-7

Altars:
Makhleb
Okawaru
Zin

Shops:
D:4 *:

Portals:
Ossuary: D:4


Message History

The scorpion misses you.
You hit the ogre.
The ogre is almost dead.
You hit the scorpion. You slash Natasha!
You kill Natasha!
Trog accepts your kill.
Trog appreciates your killing of a magic user.
Natasha screams in pain as she dies!
You slice the ogre!!
You kill the ogre!
Trog accepts your kill.
Your Axes skill increases to level 9!
You closely miss the scorpion. The scorpion stings you.
* * * LOW HITPOINT WARNING * * *
You barely miss the scorpion.
The scorpion is moderately wounded.
You hit the scorpion.
The scorpion is heavily wounded.
The scorpion stings you.
You die...

..≈≈≈≈≈(.........>..
..≈≈∩≈≈..†..........$#
..≈≈.≈≈†.###'###.....#
..#≈.≈.†.##...##.....#
####.....##..........#
..)<.(...#...........#
..#......#...(##....#
..#......#....##.s..##..
..##.....##...'.@)......
..##.....##...##........
.........######.........
..........## #.##+###..
.....<.....## ## .
..##(.......#
######.#.#..##
##^......# #.#.#.#..#


You could see a scorpion.

Vanquished Creatures
  An ogre (D:4)
  A centaur skeleton (D:4)
  A hound (D:4)
  Terence (D:2)
  Natasha (D:4)
  Robin (D:2)
  A gnoll (D:2)
  2 adders (D:2)
  An ooze (D:2)
  3 worms
  A dart slug (D:2)
  4 leopard geckos
  6 orcs
  A ball python (D:2)
  2 giant cockroaches
  14 goblins
  7 hobgoblins
  8 jackals
  5 kobolds
  A quokka (D:4)
  2 bats
  5 frilled lizards
  9 rats
78 creatures vanquished.

Notes
Turn   | Place    | Note
-------+----------+-------------------------------------------
     0 | D:1      | reztzret the Hill Orc Berserker began the quest for the
                  | Orb.
     0 | D:1      | Reached XP level 1. HP: 19/19 MP: 1/1
   104 | D:1      | Found an iron altar of Okawaru.
   165 | D:1      | Reached XP level 2. HP: 19/26 MP: 2/2
   258 | D:1      | Reached skill level 5 in Axes
   479 | D:2      | Reached XP level 3. HP: 27/31 MP: 3/3
   546 | D:2      | Reached ** piety under Trog
   604 | D:2      | Found an iron altar of Okawaru.
   610 | D:2      | Reached skill level 6 in Axes
   645 | D:2      | Noticed Terence
   648 | D:2      | Noticed Robin
   661 | D:2      | Killed Terence
   661 | D:2      | Reached XP level 4. HP: 39/39 MP: 4/4
   682 | D:2      | Killed Robin
   685 | D:2      | Reached skill level 7 in Axes
   991 | D:2      | Reached XP level 5. HP: 33/45 MP: 5/5
  1085 | D:2      | Found a burning altar of Makhleb.
  1087 | D:2      | Found a glowing silver altar of Zin.
  1087 | D:2      | Noticed an angel
  1088 | D:2      | Noticed a blizzard demon
  1691 | D:4      | Found Quodocoe's General Store.
  1747 | D:4      | Reached skill level 8 in Axes
  1773 | D:4      | Bought 2 potions of heal wounds for 140 gold pieces
  1798 | D:4      | Found a sand-covered staircase.
  1841 | D:4      | Found Pagru's Book Shop.
  1867 | D:4      | Reached XP level 6. HP: 51/51 MP: 6/6
  1886 | D:4      | Found a burning altar of Makhleb.
  1968 | D:4      | Noticed Natasha
  1980 | D:4      | Killed Natasha
  1981 | D:4      | Reached skill level 9 in Axes
  1981 | D:4      | HP: 2/76 [scorpion (4)]
  1983 | D:4      | Slain by a scorpion

Skill      XL: |  1  2  3  4  5  6 |
---------------+-------------------+-----
Axes           | 5 6 7 8 9 |  9.2
Fighting       | |  3.6
Armour         | |  2.1
Dodging        | |  1.5
Stealth        | |  0.5

Action                   |  1- 3 |  4- 6 || total
-------------------------+-------+-------++-------
Melee: Hand axe          |   114 |   159 ||   273
Invok: Berserk           |     3 |     1 ||     4
       Trog's Hand       |     1 |     1 ||     2
  Eat: Chunk             |     2 |     2 ||     4
       Ration            |       |     1 ||     1
Armor: Animal skin       |     4 |       ||     4
       Scale mail        |    40 |    66 ||   106
Dodge: Dodged            |    58 |    68 ||   126
